 Dungeon Crawl Stone Soup version 0.30-a0-1124-g6e8f0f562f (webtiles) character file.

Game seed: 7273137585957141581

4598 Laraso the Basher (level 10, -6/70 (79) HPs)
             Began as an Armataur Berserker on Apr 23, 2023.
             Was a Priest of Trog.
             Mangled by a wight
             ... wielding a +0 great sword
              (9 damage)
             ... on level 8 of the Dungeon.
             The game lasted 00:08:49 (5889 turns).

Laraso the Basher (Armataur Berserker)              Turns: 5889, Time: 00:08:50

HP:   -6/70 (79)    AC:  7    Str: 28      XL:     10   Next: 19%
MP:   10/10         EV:  8    Int:  6 (7)  God:    Trog [***...]
Gold: 328           SH:  0    Dex:  9      Spells: 9/9 levels left

rFire   + . .        a - +0 flail
rCold   . . .        (no shield)
rNeg    . . .        g - +0 scale mail
rPois   .            (helmet restricted)
rElec   .            (no cloak)
rCorr   .            x - +0 pair of gloves
SInv    .            (no barding)
Will    .....        u - amulet of regeneration
Stlth   +            k - ring of protection from fire
HPRegen 1.11/turn    (no ring)
MPRegen 0.12/turn

%: clarity, roll
@: heavily drained
A: large, rugged brown scales 3, deformed body, armoured tail, roll, long
tongue, awkward tongue, antennae 1, hooves 1, camouflage 1, clarity,
deterioration 1, wild magic 1
a: Renounce Religion, Berserk, Trog's Hand


You were on level 8 of the Dungeon.
You worshipped Trog.
Trog was most pleased with you.
You visited 1 branch of the dungeon, and saw 8 of its levels.

You collected 364 gold pieces.
You spent 36 gold pieces at shops.

Inventory:

Hand Weapons
 a - a +0 flail (weapon)
Armour
 g - a +0 scale mail (worn)
 x - a +0 pair of gloves (worn)
Jewellery
 e - a ring of ice
 k - a ring of protection from fire (left hand)
 u - an amulet of regeneration (around neck)
Wands
 r - a wand of iceblast (7)
 t - a wand of digging (5)
 v - a wand of light (9)
Scrolls
 h - a scroll of fog
 i - 5 scrolls of teleportation
 l - 2 scrolls of vulnerability
 n - a scroll of immolation {unknown}
 o - a scroll of acquirement {unknown}
 p - 2 scrolls of torment
 q - a scroll of enchant armour {unknown}
 s - 2 scrolls of blinking
 w - a scroll of magic mapping {unknown}
Potions
 b - 2 potions of magic
 c - 2 potions of curing
 d - a potion of lignification
 f - a potion of attraction
 j - a potion of heal wounds
 m - 2 potions of resistance
 z - a potion of cancellation


   Skills:
 - Level 2.6 Fighting
 * Level 13.8 Maces & Flails
 - Level 2.4 Armour
 - Level 1.3 Dodging


You had 9 spell levels left.
You didn't know any spells.
Your spell library was empty.

Dungeon Overview and Level Annotations

Branches:
Dungeon (8/15)             Temple (0/1) D:6            Lair (0/5) D:8

Altars:
Gozag
Hepliaklqana
Kikubaaqudgha
Makhleb
Lugonu

Shops:
D:3 !   D:5 (

Annotations:
D:7 2 transporters


Innate Abilities, Weirdness & Mutations

You are completely covered in rugged brown scales. (AC +3, +7% HP)
Armour fits poorly on your strangely shaped body.
You have a long armoured tail.
You roll when moving toward enemies. (Rampage)
Your long tongue fully drains potion bottles. (2x potion effects)
Your tongue gives you trouble enunciating. (1.5x scroll delay)
You have a pair of small antennae on your head.
You have large cloven feet.
Your skin changes colour to match your surroundings (Stealth+).
You possess an exceptional clarity of mind.
Your body sometimes deteriorates upon taking damage.
Your spells are a little harder to cast, but a little more powerful.


Message History

You closely miss the wight. Your kick misses the wight.
The wight hits you with a +0 war axe!
You feel drained.
You hit the wight but do no damage. You kick the wight.
You tail-slap the wight, but do no damage.
The wight is lightly damaged.
A wight comes into view. It is wielding a +0 short sword.
The wight hits you with a +0 war axe.
You feel drained.
You sock the wight! You kick the wight.
You destroy the wight!
Trog accepts your kill.
A wight comes into view. It is wielding a +5 halberd.
Things that are here:
a +0 war axe; a +0 robe; a yak corpse You roll towards the wight!
A wight comes into view. It is wielding a +0 great sword.
You roll towards the wight!
You barely miss the wight.
The wight hits you with a +0 short sword.
The wight hits you from afar with a +5 halberd!
Your body deteriorates!
You feel dopey.
You feel drained.
You barely miss the wight. You kick the wight, but do no damage.
You tail-slap the wight.
The wight is moderately damaged.
The wight closely misses you.
The wight hits you with a +0 short sword.
You sock the wight!
You destroy the wight!
Trog accepts your kill. The wight hits you with a +5 halberd!
You feel drained.
Things that are here:
a +0 short sword; a +0 robe; 8 gold pieces The wight attacks as you move away!
The wight hits you with a +5 halberd!!
* * * LOW HITPOINT WARNING * * *
The wight hits you from afar with a +5 halberd.
* * * LOW HITPOINT WARNING * * *
Things that are here:
a +0 club; an orc skeleton The wight attacks as you move away!
The wight hits you with a +0 great sword!
You die...

#..# .. #...#
.. ...# ..
##..# #.
##..# #
###.)#
...###[.z.#
......[.)z.#
......###@.##
...### ##).#
.# #<.# ##.##
#††# ##.##
###÷.##
#P....#
#..P.....P#


You could see 2 wights.

Vanquished Creatures
  A two-headed ogre (D:7)
  Pikel (D:7)
  Prince Ribbit (D:6)
  Grinder (D:4)
  2 wyverns
  5 yaks
  2 basilisks (D:8)
  Eustachio (D:4)
  A water moccasin (D:7)
  Duvessa (D:5)
  2 black bears
  A sky beast (D:6)
  An ice beast (D:5)
  A centaur (D:7)
  A kobold brigand (D:6)
  2 scorpions
  2 wights (D:8)
  Dowan (D:5)
  A killer bee (D:7)
  4 hounds
  An orc priest (D:2)
  3 jellies
  Terence (D:3)
  4 iguanas
  2 sleepcaps
  2 orc wizards (D:5)
  8 gnolls
  8 adders
  A shadow imp (D:5)
  A white imp (D:6)
  An ufetubus (D:6)
  4 worms
  A dart slug (D:3)
  17 orcs
  2 bats
  12 endoplasms
  2 giant cockroaches
  7 goblins
  6 hobgoblins
  5 jackals
  4 quokkas
  6 ball pythons
  4 frilled lizards
  7 kobolds
  3 rats
144 creatures vanquished.

Vanquished Creatures (others)
  A fungus (D:8)
  7 plants (D:8)
8 creatures vanquished.

Grand Total: 152 creatures vanquished

Notes
Turn   | Place    | Note
-------+----------+-------------------------------------------
     0 | D:1      | Laraso the Armataur Berserker began the quest for the Orb.
     0 | D:1      | Reached XP level 1. HP: 19/19 MP: 1/1
    44 | D:1      | Reached skill level 3 in Maces & Flails
   200 | D:1      | Reached XP level 2. HP: 26/26 MP: 2/2
   351 | D:1      | Found a faded altar of an unknown god.
   591 | D:1      | Reached XP level 3. HP: 31/32 MP: 3/3
   939 | D:2      | Reached skill level 4 in Maces & Flails
  1056 | D:2      | Reached ** piety under Trog
  1088 | D:2      | Reached XP level 4. HP: 39/39 MP: 4/4
  1705 | D:2      | Gained mutation: You occasionally shout uncontrollably at
                  | your foes. [potion of mutation]
  1705 | D:2      | Lost mutation: You occasionally shout uncontrollably at
                  | your foes. [potion of mutation]
  1705 | D:2      | Gained mutation: You have sharp fingernails. [potion of
                  | mutation]
  1706 | D:2      | Lost mutation: You have sharp fingernails. [potion of
                  | mutation]
  1706 | D:2      | Gained mutation: Your body sometimes deteriorates upon
                  | taking damage. [potion of mutation]
  1706 | D:2      | Gained mutation: You have large cloven feet. [potion of
                  | mutation]
  1706 | D:2      | Gained mutation: You possess an exceptional clarity of
                  | mind. [potion of mutation]
  1706 | D:2      | Gained mutation: You have hidden genetic potential. [potion
                  | of mutation]
  1706 | D:2      | Gained mutation: Your spells are a little harder to cast,
                  | but a little more powerful. [potion of mutation]
  1773 | D:3      | Found Pathuo's Distillery.
  1783 | D:3      | Bought a potion of curing for 36 gold pieces
  1915 | D:3      | Reached skill level 5 in Maces & Flails
  2001 | D:3      | Noticed Terence
  2006 | D:3      | Killed Terence
  2007 | D:3      | Reached XP level 5. HP: 44/44 MP: 5/5
  2297 | D:3      | Gained mutation: Your skin changes colour to match your
                  | surroundings (Stealth+). [hidden potential]
  2551 | D:4      | Found an opulent altar of Gozag.
  2628 | D:4      | Noticed Grinder
  2639 | D:4      | Killed Grinder
  2640 | D:4      | Reached skill level 6 in Maces & Flails
  2640 | D:4      | Reached XP level 6. HP: 53/53 MP: 6/6
  2657 | D:4      | Gained mutation: You have a pair of small antennae on your
                  | head. [hidden potential]
  2657 | D:4      | Lost mutation: You have hidden genetic potential. [hidden
                  | potential expressed]
  2772 | D:4      | Noticed Eustachio
  2789 | D:4      | Killed Eustachio
  2790 | D:4      | Reached skill level 7 in Maces & Flails
  2790 | D:4      | Reached XP level 7. HP: 59/59 MP: 7/7
  2996 | D:5      | Entered Level 5 of the Dungeon
  3041 | D:5      | Found Ponoefiu's Antique Weapon Boutique.
  3361 | D:5      | Reached skill level 8 in Maces & Flails
  3754 | D:5      | Noticed Duvessa
  3754 | D:5      | Noticed Dowan
  3770 | D:5      | Killed Duvessa
  3771 | D:5      | Reached skill level 9 in Maces & Flails
  3771 | D:5      | Reached XP level 8. HP: 66/66 MP: 8/8
  3771 | D:5      | Killed Dowan
  3859 | D:5      | Reached *** piety under Trog
  4032 | D:5      | Found a burning altar of Makhleb.
  4295 | D:6      | Noticed Prince Ribbit
  4330 | D:6      | Killed Prince Ribbit
  4331 | D:6      | Reached skill level 10 in Maces & Flails
  4432 | D:6      | Found an ancient bone altar of Kikubaaqudgha.
  4624 | D:6      | Found a staircase to the Ecumenical Temple.
  4817 | D:7      | Reached skill level 11 in Maces & Flails
  4846 | D:7      | Found a hazy altar of Hepliaklqana.
  4861 | D:7      | Reached XP level 9. HP: 72/72 MP: 9/9
  4932 | D:7      | Noticed Pikel
  4941 | D:7      | Killed Pikel
  4964 | D:7      | Noticed a two-headed ogre
  4991 | D:7      | Killed a two-headed ogre
  4992 | D:7      | Reached skill level 12 in Maces & Flails
  5163 | D:7      | Found a transporter.
  5166 | D:7      | Found a transporter.
  5166 | D:7      | Noticed a red ugly thing
  5167 | D:7      | Found a corrupted altar of Lugonu.
  5356 | D:7      | Noticed a red ugly thing
  5701 | D:8      | Reached skill level 13 in Maces & Flails
  5719 | D:8      | Reached XP level 10. HP: 48/79 MP: 10/10
  5761 | D:8      | Found a staircase to the Lair.
  5886 | D:8      | HP: 1/70 [wight/+5 halberd (4)]
  5889 | D:8      | Mangled by a wight

Illustrated notes

Levels and vault maps discovered:
D:1:      scummos_arrival_forest, layout_basic,
          ebering_ecumenical_altar_petrified
D:2:      cheibrodos_pilgrimage, layout_loops_ring, minmay_misc_feat_five,
          minmay_indecisive_spiral
D:3:      layout_loops_cross, serial_shops, shop, uniq_terence
D:4:      layout_basic, nicolae_overflow_hidden_temple, uniq_grinder,
          uniq_eustachio
D:5:      kennysheep_six_static_rooms, layout_basic, bloody_makhleb,
          serial_shops, shop, minmay_fountain_box, hangedman_decor_push,
          uniq_duvessa
D:6:      layout_cave_pools, mainiacjoe_overflow_chevrons,
          minmay_temple_entry_arrows, small_statue_intersection,
          kennysheep_generic_room_13, uniq_prince_ribbit1
D:7:      gammafunk_corrupted_shrine, layout_gridville,
          mainiacjoe_overflow_24_doors, uniq_pikel
D:8:      lemuel_ratsnest, layout_cave_pods, mainiacjoe_overflow_alcove_1,
          minmay_lair_entry_grove, serial_shops, nicolae_shop_window_shopping

Skill      XL: |  1  2  3  4  5  6  7  8  9 |
---------------+----------------------------+-----
Maces & Flails | 3 4 5 6 7 9 11 13 | 13.8
Fighting       | |  2.6
Armour         | |  2.4
Dodging        | |  1.3

Action                     |  1- 3 |  4- 6 |  7- 9 | 10-12 || total
---------------------------+-------+-------+-------+-------++-------
  Melee: Mace              |   100 |    56 |       |       ||   156
         Tailslap          |    10 |     9 |    24 |     7 ||    50
         Punch             |     1 |     2 |     3 |       ||     6
         Kick              |       |    18 |    57 |    12 ||    87
         Flail             |       |    53 |   246 |    29 ||   328
 Invoke: Berserk           |     1 |     4 |     8 |       ||    13
         Trog's Hand       |       |     1 |       |       ||     1
    Use: Scroll            |       |     7 |     7 |       ||    14
         Potion            |       |     2 |     4 |       ||     6
   Stab: Distracted        |     1 |       |       |       ||     1
 Armour: Animal skin       |    34 |       |       |       ||    34
         Scale mail        |       |    43 |   121 |     4 ||   168
  Dodge: Dodged            |    44 |    32 |    99 |     5 ||   180

Table legend: (Time is in decaauts)
 A = Elapsed time spent in this place.
 B = Non-inter-level travel time spent in this place.
 C = Inter-level travel time spent in this place.
 D = Time resting spent in this place.
 E = Time spent auto-exploring this place.
 F = Levels seen in this place.
 G = Mean time per level.
                   A        B        C        D        E       F      G
               +--------+--------+--------+--------+--------+-----+--------+
         Total |   5987 |   5760 |    227 |    917 |   3790 |   8 |  748.4 |
       Dungeon |   5987 |   5760 |    227 |    917 |   3790 |   8 |  748.4 |
               +--------+--------+--------+--------+--------+-----+--------+

Top non-repeatable levels by time:
     D:5: 1275 daAuts
     D:1: 941 daAuts
     D:7: 856 daAuts
     D:2: 825 daAuts
     D:3: 731 daAuts
     D:4: 563 daAuts
     D:6: 546 daAuts
     D:8: 247 daAuts
